 Seeded DCSS version 0.29.1-15-g9cfb28693d (webtiles) character file.

Game seed: 16245865983455551772 (custom seed)

2 Atreus the Chopper (level 1, 19/19 HPs)
             Began as a Palentonga Berserker on Mar 10, 2023.
             Was a Follower of Trog.
             Quit the game on level 1 of the Dungeon.
             The game lasted 00:00:36 (183 turns).

Atreus the Chopper (Palentonga Berserker)            Turns: 183, Time: 00:00:37

Health: 19/19      AC:  4    Str: 22    XL:     1   Next: 33%
Magic:  1/1        EV:  9    Int:  7    God:    Trog [*.....]
Gold:   0          SH:  0    Dex:  9    Spells: 0/0 levels left

rFire   . . .      SeeInvis +   a - +0 hand axe
rCold   . . .      Faith    .   (no shield)
rNeg    . . .      Spirit   .   b - +0 animal skin
rPois   .          Reflect  .   (no helmet)
rElec   .          Harm     .   (no cloak)
rCorr   .          Rampage  .   (no gloves)
Will    .....                   (no barding)
Stlth   +.........              (no amulet)
HPRegen 0.06/turn               (no ring)
MPRegen 0.07/turn               (no ring)

@: no status effects
A: large, rugged brown scales 3, see invisible, deformed body, roll 1, armoured
tail
a: Rolling Charge, Renounce Religion, Berserk


You were on level 1 of the Dungeon.
You worshipped Trog.
Trog was aware of your devotion.
You visited 1 branch of the dungeon, and saw 1 of its levels.

Inventory:

Hand Weapons
 a - a +0 hand axe (weapon)
Armour
 b - a +0 animal skin (worn)
 e - the +10 Black Knight's barding {ponderous, rPois rN+}
   (You acquired it on level 1 of the Dungeon)

   rPois:     It protects you from poison.
   rN:        It protects you from negative energy.
Jewellery
 d - the amulet of Jefooriupn {Acrobat rPois rC+++ MP-9}
   (You acquired it on level 1 of the Dungeon)

   [amulet of the acrobat]

   It increases your evasion while moving and waiting.
   rC:        It renders you almost immune to cold.
   rPois:     It protects you from poison.
   MP:        It affects your magic capacity (-9).
Scrolls
 c - a scroll of acquirement


   Skills:
 + Level 3.0 Fighting
 + Level 3.0 Axes
 + Level 1.5 Armour
 + Level 1.5 Dodging


You couldn't memorise any spells.
You didn't know any spells.
Your spell library was empty.

Dungeon Overview and Level Annotations

Branches:
Dungeon (1/15)

Altars:


Innate Abilities, Weirdness & Mutations

You are completely covered in rugged brown scales. (AC +3, +7% HP)
You have supernaturally acute eyesight. (SInv)
Armour fits poorly on your strangely shaped body.
You can roll at nearby foes to attack.
You have a long armoured tail.


Message History

Trog says: Kill them all!
Press ? for a list of commands and other information.
Found a sling.
Found a staircase leading out of the dungeon.
Found two escape hatches in the floor.
Found a dagger.
You see here a +0 dagger.
A goblin comes into view. It is wielding a +0 dagger.
The goblin shouts!
A quokka comes into view.
The goblin hits you with a +0 dagger. The goblin attacks as you move away!
The goblin hits you with a +0 dagger. The goblin attacks as you move away!
The goblin barely misses you. The quokka barely misses you.
The quokka barely misses you. The quokka attacks as you move away!
The quokka closely misses you.
Found 6 stones.
The quokka closely misses you. The goblin hits you with a +0 dagger.
The quokka misses you.
Found 3 scrolls labelled WAC GOIFOFITOUPLEC.
You hit the quokka.
You kill the quokka!
Trog accepts your kill.
You closely miss the goblin. The goblin hits you with a +0 dagger.
You closely miss the goblin. The goblin hits you with a +0 dagger.
You hit the goblin.
You kill the goblin!
Trog accepts your kill.
Things that are here:
a +0 dagger; a goblin corpse; a quokka corpse You start resting.
An endoplasm comes into view.
You see here 3 scrolls labelled WAC GOIFOFITOUPLEC.
c - 3 scrolls labelled WAC GOIFOFITOUPLEC This is a scroll of acquirement!
Something appears at your feet!
d - the amulet of Jefooriupn {Acrobat rPois rC+++ MP-9} Something appears at your feet!
e - the +10 Black Knight's barding {ponderous, rPois rN+} Are you sure you want to abandon this character and quit the game? (Confirm with "yes".)

### ####### #.. ..##..
#.# #.##.# #.###
#.##.######.
..#####@#.###.##.#......
#..................#..#.
######....###.##...#..#
#.....# #.#...###J#
##........#...#(#..
##.#######..##.##.# #.#
#..#...#.. #.#
##.##...##. #+#
#.)#.....#.


There were no monsters in sight!

Vanquished Creatures
  A goblin (D:1)
  A quokka (D:1)
2 creatures vanquished.

Notes
Turn   | Place    | Note
-------+----------+-------------------------------------------
     0 | D:1      | Atreus the Palentonga Berserker began the quest for the
                  | Orb.
     0 | D:1      | Reached XP level 1. HP: 19/19 MP: 1/1
   164 | D:1      | Identified 3 scrolls of acquirement
   164 | D:1      | Acquired the amulet of Jefooriupn {Acrobat rPois rC+++
                  | MP-9}
   172 | D:1      | Acquired the +10 Black Knight's barding {ponderous, rPois
                  | rN+}
   172 | D:1      | Found the +10 Black Knight's barding {ponderous, rPois rN+}
   183 | D:1      | Quit the game

Illustrated notes

Levels and vault maps discovered:
D:1:      minmay_arrival_hallway, layout_loops_corners, basic_ecumenical_altar,
          minmay_unequal

Action                   || total
-------------------------++-------
Melee: Hand axe          ||     4
  Use: Scroll            ||     2
Dodge: Dodged            ||     6
